 Dungeon Crawl Stone Soup version 0.17.1-1-g73c8601 (webtiles) character file.

86 penguinsfan71 the Grave Robber (level 4, -5/30 HPs)
             Began as a Vampire Necromancer on Dec 20, 2015.
             Shot with an arrow of flame by a centaur (8 damage)
             ... on level 3 of the Dungeon on Dec 21, 2015.
             The game lasted 00:22:21 (4572 turns).

penguinsfan71 the Grave Robber (VpNe)               Turns: 4572, Time: 00:22:22

Health: -5/30      AC:  0    Str:  2    XL:     4   Next: 27%
Magic:  3/8        EV: 20    Int: 18    God:
Gold:   130        SH:  0    Dex: 19    Spells: 2 memorised, 3 levels left

rFire  . . .     SeeInvis +     (weapon currently unavailable)
rCold  + . .     Clarity  .     (armour currently unavailable)
rNeg   + + .     SustAt   .     (shield currently unavailable)
rPois  +         Gourm    .     (helmet currently unavailable)
rElec  .         Spirit   .     (cloak currently unavailable)
rCorr  .         Warding  .     (gloves currently unavailable)
rMut   .         Stasis   .     (boots currently unavailable)
MR     .....                    (no amulet)
Stlth  +++.......               (ring currently unavailable)
                                (ring currently unavailable)

@: bat-form, flying, regenerating slowly, very quick, not resistant to hostile
enchantments, fairly stealthy
A: (fangs 0), see invisible, (unbreathing)
a: End Transformation


You were on level 3 of the Dungeon.
You were very thirsty.
You were in vampire-bat-form.
You visited 1 branch of the dungeon, and saw 3 of its levels.

You collected 130 gold pieces.

Inventory:

Hand Weapons
 c - a +0 falchion
 e - a +0 hunting sling
 f - a +0 whip
 h - a +0 club
 i - a +0 dagger
 t - a +0 dagger of venom
 u - a +1 whip of electrocution (melded)
 v - a +0 trident
 w - a +0 hand axe
Missiles
 d - 11 poisoned needles
 k - 35 arrows
Armour
 a - a +0 robe (melded)
 g - a +0 robe
 l - a +0 cloak
 o - a +0 pair of gloves (melded)
Jewellery
 y - an uncursed ring of magical power {unknown}
Scrolls
 j - a scroll of remove curse
 m - a scroll of fear
 s - a scroll of random uselessness {unknown}
Potions
 n - a potion of agility {unknown}
 p - a potion of poison {unknown}
 q - a potion of haste {unknown}
 r - 2 potions of curing
 x - a potion of flight {unknown}
Books
 b - a book of Necromancy

   Spells                             Type                      Level
   a - Pain                           Necromancy                   1
   b - Animate Skeleton               Necromancy                   1
   c - Vampiric Draining              Necromancy                   3
   d - Regeneration                   Charms/Necromancy            3
   e - Animate Dead                   Necromancy                   4
   f - Control Undead                 Necromancy                   4


   Skills:
 + Level 0.1 Fighting
 + Level 2.5 Dodging
 + Level 3.6 Stealth
 + Level 2.9 Spellcasting
 + Level 5.4 Necromancy


You had 3 spell levels left.
You knew the following spells:

 Your Spells              Type           Power        Failure   Level  Hunger
a - Pain                  Necr           ###.         1%          1    None
b - Animate Dead          Necr           N/A          21%         4    ####...


Dungeon Overview and Level Annotations

Branches:
Dungeon (3/15)

Altars:
Fedhas
Zin

Annotations:
D:3 Ijyb; smilodon's ghost, amateur MiFi


Innate Abilities, Weirdness & Mutations

You heal slowly.
((You have razor-sharp teeth.))
You have supernaturally acute eyesight.
((You can survive without breathing.))


Message History

Aim: a centaur, wielding a shortbow (moderately wounded, chance to defeat MR: 81%)
The centaur convulses in agony!
The centaur shoots an arrow of flame.
The arrow of flame misses you.
The centaur shoots an arrow of flame.
The arrow of flame hits you.
* * * LOW HITPOINT WARNING * * *
The arrow of flame burns you.
* * * LOW HITPOINT WARNING * * *
You turn into a vampire bat.
Your +1 whip of electrocution melds into your body.
Your +0 pair of gloves melds into your body.
Your +0 robe melds into your body.
Your +1 whip of electrocution stops crackling.
The centaur shoots an arrow of flame.
The arrow of flame closely misses you.
The centaur shoots an arrow of flame.
The arrow of flame completely misses you.
You see here an arrow of flame.
You see here an arrow of flame.
The centaur shoots an arrow of flame.
The arrow of flame closely misses you.
The centaur shoots an arrow of flame.
The arrow of flame hits you!
You die...

###..#######.###
#..............#
#............#.#
#............#.#
#............#.#
#≈≈.≈........#.#
#.≈≈≈........'.#
#.≈_≈........###
#.≈≈.≈%.b(...#
#.≈≈.≈......(#
#............#
#............##
..............(.#
...............(#
..............c.#
................#
................#


You could see a centaur.

Vanquished Creatures
  An adder (D:2)
  2 oozes (D:1)
  2 worms (D:2)
  5 orcs
  A bat (D:2)
  A giant cockroach (D:2)
  11 hobgoblins
  8 jackals
  7 kobolds
  2 ball pythons
  A giant gecko (D:1)
  2 giant newts
  3 goblins
  7 rats
53 creatures vanquished.

Notes
Turn   | Place    | Note
--------------------------------------------------------------
     0 | D:1      | penguinsfan71 the Vampire Necromancer began the quest for the Orb.
     0 | D:1      | Reached XP level 1. HP: 13/13 MP: 3/3
   540 | D:1      | Reached XP level 2. HP: 19/19 MP: 3/5
   961 | D:1      | Reached skill level 5 in Necromancy
  1035 | D:1      | Reached XP level 3. HP: 10/24 MP: 0/6
  1462 | D:2      | You fall through a shaft!
  1462 | D:3      | Noticed smilodon's ghost (amateur MiFi)
  1473 | D:3      | Found a glowing silver altar of Zin.
  2321 | D:3      | Found a blossoming altar of Fedhas.
  2333 | D:3      | Reached XP level 4. HP: 30/30 MP: 6/8
  2339 | D:3      | Learned a level 4 spell: Animate Dead
  3618 | D:3      | Noticed Ijyb
  4560 | D:3      | Noticed a centaur
  4572 | D:3      | Shot with an arrow of flame by a centaur

Action                   |  1- 3 |  4- 6 || total
-------------------------+-------+-------++-------
Melee: Club              |    14 |       ||    14
       Unarmed           |     4 |       ||     4
       Dagger            |    40 |       ||    40
       Falchion          |     1 |     3 ||     4
       Whip              |       |     1 ||     1
Throw: Tomahawk          |       |     3 ||     3
 Cast: Pain              |    60 |    23 ||    83
 Abil: Bat Form          |       |     5 ||     5
       End Transformatio |       |     4 ||     4
  Use: Scroll            |     5 |       ||     5
       Potion            |       |     1 ||     1
 Stab: Sleeping          |       |     1 ||     1
  Eat: Corpse            |    13 |       ||    13
